 Dungeon Crawl Stone Soup version 0.22-a0-880-gb7b0c8b (webtiles) character file.

335 Mgcat the Chopper (level 6, -5/53 HPs)
             Began as a Gnoll Berserker on July 30, 2018.
             Was a Believer of Trog.
             Killed by divine providence
             ... invoked by an orc priest
              (12 damage)
             ... on level 4 of the Dungeon.
             The game lasted 00:05:24 (2552 turns).

Mgcat the Chopper (Gnoll Berserker)                 Turns: 2552, Time: 00:05:24

Health: -5/53      AC:  7    Str: 20 (21) XL:     6   Next: 53%
Magic:  9/9        EV: 13    Int:  6 (9)  God:    Trog [**....]
Gold:   175        SH:  0    Dex: 13 (15) Spells: 9/9 levels left

rFire    . . .     SeeInvis .   j - +4 war axe
rCold    . . .     Gourm    .   (no shield)
rNeg     . . .     Faith    .   g - +0 ring mail
rPois    .         Spirit   .   h - +0 helmet
rElec    .         Reflect  .   (no cloak)
rCorr    .         Harm     .   (no gloves)
MR       .....                  (no boots)
Stlth    +.........             i - amulet of regeneration {+regen, !d}
HPRegen  0.57/turn              (no ring)
MPRegen  0.11/turn              (no ring)

@: hasted, very quick
A: distributed training, fangs 1, strong nose
a: Berserk, Trog's Hand, Renounce Religion


You were on level 4 of the Dungeon.
You worshipped Trog.
Trog was pleased with you.
You were very hungry.

You visited 1 branch of the dungeon, and saw 4 of its levels.

You collected 175 gold pieces.

Inventory:

Hand Weapons
 j - a +4 war axe (weapon)
   (You found it on level 2 of the Dungeon)
Armour
 g - a +0 ring mail (worn)
   (You found it on level 1 of the Dungeon)
 h - a +0 helmet (worn)
   (You found it on level 2 of the Dungeon)
Jewellery
 i - an amulet of regeneration (around neck) {+regen, !d}
   (You found it on level 2 of the Dungeon)
Scrolls
 a - 2 scrolls of blinking {!r}
 b - a scroll of fog {unknown}
 d - a scroll of enchant armour {unknown}
 e - 2 scrolls of identify
Comestibles
 c - 8 rations


   Skills:
 + Level 6.8 Fighting
 + Level 2.0 Short Blades
 + Level 2.0 Long Blades
 + Level 6.8 Axes
 + Level 2.0 Maces & Flails
 + Level 2.0 Polearms
 + Level 2.0 Staves
 + Level 2.0 Slings
 + Level 2.0 Bows
 + Level 2.0 Crossbows
 + Level 2.0 Throwing
 + Level 5.0 Armour
 + Level 5.0 Dodging
 + Level 2.0 Stealth
 + Level 2.0 Shields
 + Level 2.0 Unarmed Combat
 + Level 2.0 Spellcasting
 + Level 1.5 Conjurations
 + Level 1.5 Hexes
 + Level 1.5 Charms
 + Level 1.5 Summonings
 + Level 1.5 Necromancy
 + Level 1.5 Translocations
 + Level 1.5 Transmutations
 + Level 1.5 Fire Magic
 + Level 1.5 Ice Magic
 + Level 1.5 Air Magic
 + Level 1.5 Earth Magic
 + Level 1.5 Poison Magic
 + Level 2.1 Invocations
 + Level 2.0 Evocations


You had 9 spell levels left.
You didn't know any spells.
Your spell library was empty.

Dungeon Overview and Level Annotations

Branches:
Dungeon (4/15)
 Temple: D:4-7

Altars:


Innate Abilities, Weirdness & Mutations

Your experience applies equally to all skills.
You have very sharp teeth.
Your uncanny sense of smell can sniff out nearby items.


Message History

Trog accepts your kill.
The orc wizard points at you and mumbles some strange words.
The magic dart hits you!
An orc priest comes into view. It is wielding a dagger.
The orc closely misses you.
An orc comes into view.
The orc priest shouts!
The orc wizard gestures at you while chanting.
The puff of flame hits you! The orc hits you with a trident.
Items here: $ )) [[ a war axe of chopping; a leather armour; 13 gold pieces; a trident; a robe You are too injured to fight recklessly!
You are too injured to fight recklessly!
You are too injured to fight recklessly!
You slash the orc wizard!
The orc wizard is almost dead.
You hit the orc but do no damage.
You feel the effects of Trog's Hand fading.
The orc wizard completely misses you. The orc misses you.
You hit the orc wizard.
You kill the orc wizard!
Trog accepts your kill.
Trog appreciates your killing of a magic user.
Your Short Blades skill increases to level 2!
Your Long Blades skill increases to level 2!
Your Maces & Flails skill increases to level 2!
Your Polearms skill increases to level 2!
Your Staves skill increases to level 2!
Your Slings skill increases to level 2!
Your Bows skill increases to level 2!
Your Crossbows skill increases to level 2!
Your Throwing skill increases to level 2!
Your Armour skill increases to level 5!
Your Dodging skill increases to level 5!
Your Stealth skill increases to level 2!
Your Shields skill increases to level 2!
Your Unarmed Combat skill increases to level 2!
Your Spellcasting skill increases to level 2!
Your Evocations skill increases to level 2!
You hit the orc.
The orc priest invokes the aid of Beogh against you.
Beogh smites you!
An orc wizard comes into view. It is wielding a dagger of venom.
The orc hits you but does no damage.
You hit the orc but do no damage.
The orc is moderately wounded.
The orc wizard looks braver for a moment.
The orc misses you.
An orc priest comes into view. It is wielding a club.
You closely miss the orc priest. You hit the orc.
You kill the orc!
Trog accepts your kill.
The orc priest casts a cantrip, but nothing happens.
You hit the orc priest.
The orc priest is moderately wounded.
Your skin stops crawling.
You feel less resistant to hostile enchantments.
An orc comes into view. It is wielding a short sword.
An orc comes into view. It is wielding a dagger.
You barely miss the orc.
The orc shouts! x2
Your bite misses the orc. The orc closely misses you.
You closely miss the orc.
You hit the orc priest but do no damage.
The orc priest mumbles some strange prayers to Beogh against you.
Pain shoots through your body!
The orc wizard gestures wildly while chanting.
The orc wizard seems to speed up.
You closely miss the orc priest.
The orc priest is moderately wounded.
You completely miss the orc.
An orc priest comes into view.
The orc wizard casts a spell at you. The puff of frost hits you!
The orc priest hits you but does no damage.
The orc misses you.
You closely miss the orc priest.
The orc priest is moderately wounded.
You barely miss the orc.
The orc priest shouts!
An orc comes into view. It is wielding a flail.
The orc priest invokes the aid of Beogh against you.
Beogh smites you!
* * * LOW HITPOINT WARNING * * *
The orc closely misses you.
It was a potion of degeneration.
There was something very wrong with that liquid.
You feel weakened.
You feel dopey.
You feel clumsy. The orc wizard misses you.
The orc priest casts a cantrip, but nothing happens.
The orc hits you but does no damage.
The orc wizard hits you but does no damage.
You feel yourself speed up.
The orc priest looks satisfied for a moment.
The orc wizard casts a spell at you. The puff of frost hits you!
* * * LOW HITPOINT WARNING * * *
The orc hits you but does no damage.
The orc priest invokes the aid of Beogh against you.
Beogh smites you!
You die...

###+####.#.#####
.(...)..........
##.........####
.........####
#.###.#.....######
###
....#.#.###.#....#
...# #.#.###.#
#(.....# ....#
........#
###(..o#.....#
#.#.###.#
#...@o...... #.#..
#. #.###o##....
#.###.#. #.# o# .
... .. #.# o# ...
.. #.# o# #.. o#
'.. .+ #. .#


You could see 3 orc priests, an orc wizard and 3 orcs.

Vanquished Creatures
  A scorpion (D:4)
  3 orc wizards (D:4)
  5 adders
  5 gnolls
  An ooze (D:3)
  4 worms
  A dart slug (D:2)
  3 leopard geckos
  12 orcs
  2 ball pythons
  2 giant cockroaches
  6 goblins
  6 hobgoblins
  6 jackals (D:3)
  7 kobolds
  4 bats
  5 frilled lizards
  10 rats
83 creatures vanquished.

Vanquished Creatures (others)
  A goblin (D:2)
  A rat (D:2)
2 creatures vanquished.

Grand Total: 85 creatures vanquished

Notes
Turn   | Place    | Note
-------+----------+-------------------------------------------
     0 | D:1      | Mgcat the Gnoll Berserker began the quest for the Orb.
     0 | D:1      | Reached XP level 1. HP: 23/23 MP: 1/1
   235 | D:1      | Reached XP level 2. HP: 24/29 MP: 2/2
   690 | D:2      | Reached XP level 3. HP: 35/35 MP: 3/3
   868 | D:2      | Reached skill level 1 in Invocations
  1153 | D:2      | Reached skill level 1 in Short Blades
  1153 | D:2      | Reached skill level 1 in Long Blades
  1153 | D:2      | Reached skill level 1 in Maces & Flails
  1153 | D:2      | Reached skill level 1 in Polearms
  1153 | D:2      | Reached skill level 1 in Staves
  1153 | D:2      | Reached skill level 1 in Slings
  1153 | D:2      | Reached skill level 1 in Bows
  1153 | D:2      | Reached skill level 1 in Crossbows
  1153 | D:2      | Reached skill level 1 in Throwing
  1153 | D:2      | Reached skill level 1 in Stealth
  1153 | D:2      | Reached skill level 1 in Shields
  1153 | D:2      | Reached skill level 1 in Unarmed Combat
  1153 | D:2      | Reached skill level 1 in Spellcasting
  1153 | D:2      | Reached skill level 1 in Evocations
  1153 | D:2      | Reached XP level 4. HP: 41/41 MP: 5/5
  1157 | D:2      | Reached ** piety under Trog
  1554 | D:3      | Reached skill level 1 in Conjurations
  1554 | D:3      | Reached skill level 1 in Hexes
  1554 | D:3      | Reached skill level 1 in Charms
  1554 | D:3      | Reached skill level 1 in Summonings
  1554 | D:3      | Reached skill level 1 in Necromancy
  1554 | D:3      | Reached skill level 1 in Translocations
  1554 | D:3      | Reached skill level 1 in Transmutations
  1554 | D:3      | Reached skill level 1 in Fire Magic
  1554 | D:3      | Reached skill level 1 in Ice Magic
  1554 | D:3      | Reached skill level 1 in Air Magic
  1554 | D:3      | Reached skill level 1 in Earth Magic
  1554 | D:3      | Reached skill level 1 in Poison Magic
  1655 | D:3      | Reached XP level 5. HP: 47/47 MP: 6/6
  1721 | D:3      | You fall through a shaft!
  2468 | D:4      | Reached skill level 2 in Invocations
  2468 | D:4      | Reached XP level 6. HP: 53/53 MP: 8/8
  2543 | D:4      | Reached skill level 2 in Short Blades
  2543 | D:4      | Reached skill level 2 in Long Blades
  2543 | D:4      | Reached skill level 2 in Maces & Flails
  2543 | D:4      | Reached skill level 2 in Polearms
  2543 | D:4      | Reached skill level 2 in Staves
  2543 | D:4      | Reached skill level 2 in Slings
  2543 | D:4      | Reached skill level 2 in Bows
  2543 | D:4      | Reached skill level 2 in Crossbows
  2543 | D:4      | Reached skill level 2 in Throwing
  2543 | D:4      | Reached skill level 5 in Armour
  2543 | D:4      | Reached skill level 5 in Dodging
  2543 | D:4      | Reached skill level 2 in Stealth
  2543 | D:4      | Reached skill level 2 in Shields
  2543 | D:4      | Reached skill level 2 in Unarmed Combat
  2543 | D:4      | Reached skill level 2 in Spellcasting
  2543 | D:4      | Reached skill level 2 in Evocations
  2550 | D:4      | HP: 7/53 [orc priest/divine providence (16)]
  2552 | D:4      | Killed from afar by an orc priest

Vault maps used:
D:1:      ebering_hopf_link
D:2:      lemuel_old_faithful
D:3:      first_ration
D:4:      minmay_misc_feat_roman

Skill      XL: |  1  2  3  4  5  6 |
---------------+-------------------+-----
Invocations    | 1 2 |  2.1
Short Blades   | 1 2 |  2.0
Long Blades    | 1 2 |  2.0
Maces & Flails | 1 2 |  2.0
Polearms       | 1 2 |  2.0
Staves         | 1 2 |  2.0
Slings         | 1 2 |  2.0
Bows           | 1 2 |  2.0
Crossbows      | 1 2 |  2.0
Throwing       | 1 2 |  2.0
Stealth        | 1 2 |  2.0
Shields        | 1 2 |  2.0
Unarmed Combat | 1 2 |  2.0
Spellcasting   | 1 2 |  2.0
Evocations     | 1 2 |  2.0
Conjurations   | 1 |  1.5
Hexes          | 1 |  1.5
Charms         | 1 |  1.5
Summonings     | 1 |  1.5
Necromancy     | 1 |  1.5
Translocations | 1 |  1.5
Transmutations | 1 |  1.5
Fire Magic     | 1 |  1.5
Ice Magic      | 1 |  1.5
Air Magic      | 1 |  1.5
Earth Magic    | 1 |  1.5
Poison Magic   | 1 |  1.5
Armour         | 5 |  5.0
Dodging        | 5 |  5.0
Fighting       | |  6.8
Axes           | |  6.8

Action                   |  1- 3 |  4- 6 || total
-------------------------+-------+-------++-------
Melee: Hand axe          |    65 |       ||    65
       Bite              |    11 |    11 ||    22
       War axe           |    16 |   128 ||   144
       Punch             |       |     2 ||     2
Invok: Berserk           |     3 |     1 ||     4
       Trog's Hand       |       |     1 ||     1
  Use: Scroll            |     2 |     8 ||    10
       Potion            |       |     2 ||     2
 Stab: Sleeping          |     1 |       ||     1
  Eat: Chunk             |     3 |     5 ||     8
Armor: Animal skin       |     1 |       ||     1
       Ring mail         |    16 |    45 ||    61
Dodge: Dodged            |    44 |    75 ||   119

Table legend:
 A = Spawn XP
 B = Non-spawn XP
 C = Spawn XP percentage of total XP
 D = Spawn monster count
 E = Non-spawn monster count
 F = Spawn count percentage of total count
 G = Total turns spent on level
                    A         B        C        D         E        F      G
               +---------+---------+-------+---------+---------+-------+---------
         Total |       0 |     479 |   0.0 |       0 |      83 |   0.0 |  2552
               +---------+---------+-------+---------+---------+-------+---------
           D:1 |       0 |      29 |   0.0 |       0 |      11 |   0.0 |   683
           D:2 |       0 |      84 |   0.0 |       0 |      27 |   0.0 |   829
           D:3 |       0 |     139 |   0.0 |       0 |      34 |   0.0 |   859
           D:4 |       0 |     227 |   0.0 |       0 |      11 |   0.0 |   181
               +---------+---------+-------+---------+---------+-------+---------

Vault maps used:
D:1:      ebering_hopf_link
D:2:      lemuel_old_faithful
D:3:      first_ration
D:4:      minmay_misc_feat_roman

Table legend:
 A = Turns spent in this place as a percentage of turns spent in the entire game.
 B = Non-inter-level travel turns spent in this place as a percentage of non-inter-level travel turns spent in the entire game.
 C = Inter-level travel turns spent in this place as a percentage of turns spent in this place.
 D = Turns resting spent in this place as a percentage of non-inter-level travel turns spent in this place.
 E = Turns spent auto-exploring this place as a percentage of non-inter-level travel turns spent in this place.
 F = Non-inter-level travel turns spent in this place divided by the number of levels of this place that you've seen.
                   A       B       C       D       E      F
               +-------+-------+-------+-------+-------+----------------------
         Total | 100.0 | 100.0 |   3.4 |  16.4 |  63.6 | 616.0
       Dungeon | 100.0 | 100.0 |   3.4 |  16.4 |  63.6 | 616.0
               +-------+-------+-------+-------+-------+----------------------

Table legend:
 A = Kills in this place as a percentage of kills in entire the game.
 B = Kills by you in this place as a percentage of kills by you in the entire game.
 C = Kills by friends in this place as a percentage of kills by friends in the entire game.
 D = Other kills in this place as a percentage of other kills in the entire game.
 E = Experience gained in this place as a percentage of experience gained in the entire game.
 F = Experience gained in this place divided by the number of levels of this place that you have seen.
                   A       B       C       D       E      F
               +-------+-------+-------+-------+-------+----------------------
         Total | 100.0 | 100.0 |   N/A |   N/A | 100.0 | 119.8
       Dungeon | 100.0 | 100.0 |   N/A |   N/A | 100.0 | 119.8
               +-------+-------+-------+-------+-------+----------------------
